 Dungeon Crawl Stone Soup version 0.28.0 (webtiles) character file.

Game seed: 11916729595325717711

403 mjaartine the Chopper (level 6, -9/56 HPs)
             Began as a Hill Orc Monk on Feb 20, 2022.
             Mangled by Prince Ribbit (12 damage)
             ... on level 6 of the Dungeon.
             The game lasted 00:45:56 (5692 turns).

mjaartine the Chopper (Hill Orc Monk)               Turns: 5692, Time: 00:45:56

Health: -9/56      AC:  9    Str: 14    XL:     6   Next: 86%
Magic:  6/6        EV: 11    Int: 10    God:
Gold:   183        SH:  0    Dex: 15    Spells: 4/5 levels left

rFire   x . .      SeeInvis .   c - +0 war axe
rCold   + . .      Faith    .   (no shield)
rNeg    + . .      Spirit   .   u - +0 ring mail
rPois   .          Reflect  .   J - +2 helmet
rElec   .          Harm     .   (no cloak)
rCorr   .          Rampage  .   (no gloves)
Will    .....                   x - +0 pair of boots
Stlth   +.........              (no amulet)
HPRegen 0.18/turn               i - ring of ice
MPRegen 0.10/turn               n - ring of positive energy

@: hasted, very quick
A: no striking features
a: no special abilities


You were on level 6 of the Dungeon.
You visited 1 branch of the dungeon, and saw 6 of its levels.
You also visited: Sewer.

You collected 183 gold pieces.

Inventory:

Hand Weapons
 a - a +0 hand axe
 c - a +0 war axe (weapon)
 d - a +0 mace
 g - a +0 hand crossbow
 v - a +0 hunting sling
 C - a +0 mace
 D - a +0 spear
 E - a +0 dagger
 G - a +0 club
 K - a +0 dagger
 M - a +0 dagger
 O - a +0 long sword
 Q - a +0 flail
 T - a +0 dagger
 W - a +4 short sword of draining
Missiles
 h - 225 stones (quivered)
 t - 71 sling bullets
 w - 47 bolts
 P - 87 arrows
 U - 9 poisoned darts
Armour
 b - a +0 robe
 l - a +0 scale mail
 o - a +0 leather armour
 u - a +0 ring mail (worn)
 x - a +0 pair of boots (worn)
 H - a +0 robe
 I - a +0 animal skin
 J - a +2 helmet (worn)
 S - a +0 robe
Magical Staves
 z - a staff of conjuration
Jewellery
 i - a ring of ice (left hand)
 n - a ring of positive energy (right hand)
Scrolls
 j - a scroll of amnesia {unknown}
 k - a scroll of noise {unknown}
 p - 4 scrolls of immolation {unknown}
 q - 2 scrolls of teleportation {unknown}
 y - 3 scrolls of identify {unknown}
 B - a scroll of vulnerability {unknown}
 F - a scroll of summoning {unknown}
 R - a scroll of magic mapping {unknown}
Potions
 e - a potion of cancellation {unknown}
 f - 2 potions of mutation {unknown}
 A - 2 potions of attraction {unknown}
 N - 2 potions of ambrosia {unknown}
 V - a potion of lignification {unknown}
 X - 3 potions of magic {unknown}
 Y - 3 potions of haste


   Skills:
 + Level 5.2 Fighting
 + Level 6.6 Axes
 + Level 1.8 Slings
 + Level 0.2(1.1) Throwing
 + Level 2.5 Armour
 + Level 3.0 Dodging
 + Level 1.9 Stealth


You had 4 spell levels left.
You knew the following spells:

 Your Spells              Type           Power      Damage    Failure   Level
a - Apportation           Tloc           0%         N/A       58%         1

Your spell library contained the following spells:

 Spells                   Type           Power      Damage    Failure   Level
 Animate Skeleton         Necr           0%         N/A       58%         1
 Summon Small Mammal      Summ           0%         N/A       58%         1
 Corpse Rot               Necr/Air       0%         N/A       75%         2
 Poisonous Vapours        Pois/Air       0%         N/A       75%         2
 Static Discharge         Conj/Air       0%         N/A       75%         2
 Dazzling Flash           Conj/Hex       0%         N/A       92%         3
 Gell's Gravitas          Tloc           0%         N/A       92%         3
 Teleport Other           Tloc           0%         N/A       92%         3
 Agony                    Necr           0%         N/A       100%        5
 Lightning Bolt           Conj/Air       0%         1d11      100%        5
 Silence                  Hex/Air        0%         N/A       100%        5
 Dispersal                Tloc           0%         N/A       100%        6
 Maxwell's Capacitive Co  Air            0%         ∞         100%        8


Dungeon Overview and Level Annotations

Branches:
Dungeon (6/15)             Temple (0/1) D:4           Sewer (visited)

Altars:

Shops:
D:2 (

Annotations:
D:4 2 runed translucent doors, Oswald's ghost, amateur DjGl
D:6 Prince Ribbit


Message History

You hit the water moccasin skeleton.
The water moccasin skeleton is heavily damaged.
The water moccasin skeleton bites you but does no damage. x2
You slash the water moccasin skeleton!
The water moccasin skeleton is severely damaged.
The water moccasin skeleton bites you.
You hit the water moccasin skeleton but do no damage.
The water moccasin skeleton is severely damaged.
The water moccasin skeleton bites you but does no damage.
The water moccasin skeleton bites you.
You barely miss the water moccasin skeleton.
The water moccasin skeleton is severely damaged.
The water moccasin skeleton bites you but does no damage.
You slash the water moccasin skeleton!
The water moccasin skeleton is almost destroyed.
The water moccasin skeleton closely misses you.
The water moccasin skeleton bites you.
You slash the water moccasin skeleton!
You destroy the water moccasin skeleton!
Prince Ribbit comes into view.
Found a scroll labelled MIKYXO XUENO.
Prince Ribbit gives a loud, deep croak!
You see here 11 gold pieces.
You hit Prince Ribbit.
Prince Ribbit is lightly wounded.
Prince Ribbit barely misses you.
You hit Prince Ribbit.
Prince Ribbit is lightly wounded.
Prince Ribbit hits you. Prince Ribbit barely misses you.
You slash Prince Ribbit!
Prince Ribbit is heavily wounded.
Prince Ribbit hits you.
Prince Ribbit hits you but does no damage.
You miss Prince Ribbit.
Prince Ribbit is heavily wounded.
Prince Ribbit hits you! Prince Ribbit hits you!
* * * LOW HITPOINT WARNING * * *
It was a potion of haste.
You feel yourself speed up. Prince Ribbit hits you!
You die...

### ... #.#####
..... #..# .
#.@# # ..#
#.F##.##
....#...#..#...
...<..#........
.?..#...##.####
...###.#.##.#
.. . ..
#.#.##.# .#. #
#.#<##.###.#.#
#............#


You could see Prince Ribbit.

Vanquished Creatures
  A kobold brigand (Sewer)
  A water moccasin skeleton (D:6)
  2 hounds
  An iguana (D:4)
  Robin (D:3)
  4 adders
  A howler monkey skeleton (D:3)
  An adder skeleton (D:4)
  3 dart slugs
  2 orcs
  12 ball pythons
  5 bats
  7 endoplasms
  8 giant cockroaches
  21 goblins
  15 hobgoblins
  20 kobolds
  8 quokkas
  5 frilled lizards
  11 rats
129 creatures vanquished.

Vanquished Creatures (others)
  A fungus (Sewer)
  5 plants (Sewer)
6 creatures vanquished.

Grand Total: 135 creatures vanquished

Notes
Turn   | Place    | Note
-------+----------+-------------------------------------------
     0 | D:1      | mjaartine the Hill Orc Monk began the quest for the Orb.
     0 | D:1      | Reached XP level 1. HP: 19/19 MP: 1/1
   225 | D:1      | Reached XP level 2. HP: 27/27 MP: 2/2
   646 | D:1      | Reached XP level 3. HP: 20/33 MP: 3/3
  1734 | D:2      | Reached skill level 5 in Axes
  1921 | D:2      | Found a faded altar of an unknown god.
  1963 | D:2      | Reached XP level 4. HP: 40/41 MP: 4/4
  2592 | D:2      | Found Yhug's Antique Weapon Boutique.
  3304 | D:3      | Reached skill level 1 in Armour
  3372 | D:3      | Noticed Robin
  3427 | D:3      | Reached skill level 1 in Slings
  3434 | D:3      | Killed Robin
  3435 | D:3      | Reached XP level 5. HP: 29/47 MP: 5/5
  3495 | D:3      | Learned a level 1 spell: Apportation
  3944 | D:4      | Found a staircase to the Ecumenical Temple.
  4188 | D:4      | Found a glowing drain.
  4219 | Sewer    | Entered a sewer
  4636 | Sewer    | Noticed a kobold brigand
  4655 | Sewer    | Killed a kobold brigand
  4656 | Sewer    | Reached skill level 5 in Fighting
  4656 | Sewer    | Reached skill level 6 in Axes
  4656 | Sewer    | Reached XP level 6. HP: 51/56 MP: 6/6
  4969 | D:4      | Found a large runed translucent door.
  4969 | D:4      | Found a large runed translucent door.
  4970 | D:4      | Noticed Oswald's ghost (amateur DjGl)
  5633 | D:5      | Entered Level 5 of the Dungeon
  5685 | D:6      | Noticed Prince Ribbit
  5692 | D:6      | Mangled by Prince Ribbit

Illustrated notes

Levels and vault maps discovered:
D:1:      lemuel_arrival_behind_the_door_large, layout_basic,
          minmay_pentomino_q4
D:2:      layout_basic, serial_shops, shop, nicolae_ecumenical_snake_handling,
          nicolae_concentric_dashed_squares_mild, kennysheep_generic_room_10
D:3:      layout_rooms, st_stairs_7, kennysheep_donut, uniq_robin
D:4:      layout_loops_corners, minmay_temple_entry_mini_moons,
          ebering_ghost_disaster_area, gup_sewer_entry_pipe,
          minmay_goblin_outpost
D:5:      layout_rooms
D:6:      layout_loops_ring, ebering_ghost_sewer_f, serial_glass,
          glass_columns_b, glass_columns_a, serial_bayou_lake_a, uniq_edmund,
          uniq_prince_ribbit1

Skill      XL: |  1  2  3  4  5 |
---------------+----------------+-----
Fighting       | 4 5 |  5.2
Axes           | 5 6 |  6.6
Armour         | 1 2 |  2.5
Slings         | 1 |  1.8
Dodging        | 3 |  3.0
Throwing       | |  0.2
Stealth        | |  1.9

Action                   |  1- 3 |  4- 6 || total
-------------------------+-------+-------++-------
Melee: Hand axe          |   104 |   194 ||   298
       Punch             |     2 |     1 ||     3
       War axe           |       |    75 ||    75
 Fire: Hunting sling     |       |    66 ||    66
Throw: Stone             |       |    14 ||    14
  Use: Potion            |     2 |     3 ||     5
 Stab: Sleeping          |     1 |       ||     1
Armor: Robe              |     5 |       ||     5
       Ring mail         |    15 |   124 ||   139
       Leather armour    |     4 |       ||     4
Dodge: Dodged            |    81 |   182 ||   263
